 Dungeon Crawl Stone Soup version 0.17.1-3-g152610e (webtiles) character file.

220 Glider the Cleaver (level 5, -14/42 HPs)
             Began as a Hill Orc Gladiator on Apr 24, 2016.
             Was a Follower of Qazlal.
             Demolished by an orc warrior
             ... wielding a +0 flail
              (16 damage)
             ... on level 3 of the Dungeon.
             The game lasted 00:05:58 (2269 turns).

Glider the Cleaver (Hill Orc Gladiator)             Turns: 2269, Time: 00:05:58

Health: -14/42     AC:  5    Str: 24    XL:     5   Next: 97%
Magic:  6/6        EV: 12    Int:  8    God:    Qazlal [*.....]
Gold:   62         SH:  2    Dex: 11    Spells: 0 memorised, 4 levels left

rFire  . . .     SeeInvis .     a - +0 war axe
rCold  . . .     Clarity  .     b - +0 leather armour
rNeg   + . .     SustAt   .     (no shield)
rPois  .         Gourm    .     c - +0 helmet
rElec  .         Spirit   .     (no cloak)
rCorr  .         Warding  .     B - +0 pair of gloves
rMut   .         Stasis   .     (no boots)
MR     .....                    j - amulet of faith
Stlth  +.........               (no ring)
                                v - ring of positive energy

@: mighty, not resistant to hostile enchantments, very unstealthy
A: no striking features
a: Renounce Religion, Convert to Beogh


You were on level 3 of the Dungeon.
You worshipped Qazlal.
Qazlal was aware of your devotion.
You were not hungry.

You visited 1 branch of the dungeon, and saw 3 of its levels.

You collected 62 gold pieces.

Inventory:

Hand Weapons
 a - a +0 war axe (weapon)
Missiles
 d - 3 throwing nets (quivered)
Armour
 b - a +0 leather armour (worn)
 c - a +0 helmet (worn)
 B - a +0 pair of gloves (worn)
Jewellery
 j - an amulet of faith (around neck)
 v - a ring of positive energy (left hand)
Scrolls
 f - a scroll of magic mapping {unknown}
 i - a scroll of fog {unknown}
 k - 3 scrolls of enchant armour {unknown}
 l - 2 scrolls of identify {unknown}
 n - 2 scrolls of teleportation {unknown}
 o - 2 scrolls of immolation {unknown}
 q - a scroll of amnesia {unknown}
 s - a scroll of recharging {unknown}
 t - a scroll of random uselessness {unknown}
 y - a scroll of enchant weapon {unknown}
Potions
 g - a potion of beneficial mutation {unknown}
 h - a potion of might
 r - a potion of heal wounds {unknown}
 x - a potion of poison {unknown}
 A - a potion of haste {unknown}
 C - a potion of berserk rage {unknown}
Miscellaneous
 w - a plain deck of summoning
Comestibles
 e - 2 bread rations
 m - a meat ration
 p - a slice of pizza
 u - a royal jelly
 z - 8 chunks of flesh


   Skills:
 - Level 2.4 Fighting
 * Level 8.1 Axes
 - Level 1.7 Throwing
 - Level 2.4 Dodging
 + Level 2.0 Invocations


You had 4 spell levels left.
You didn't know any spells.

Dungeon Overview and Level Annotations

Branches:
Dungeon (3/15)

Altars:
Elyvilon
Nemelex Xobeh
Qazlal


Message History

You closely miss the orc priest.
You hit the orc warrior but do no damage.
You slash the orc!
You kill the orc!
Qazlal accepts your kill.
Your Invocations skill increases to level 2!
The orc priest shouts, "Beogh is our master!
Accept the truth or die!"
The orc warrior hits you with a flail!!
Ouch! That really hurt!
* * * LOW HITPOINT WARNING * * *
The orc priest threatens, "By the altar or by the axe, you will meet Beogh!"
The orc priest hits you with a flail.
* * * LOW HITPOINT WARNING * * *
Drink which item? (? for menu, Esc to quit)
Okay, then.
Drink which item? (? for menu, Esc to quit)
It was a potion of might.
You feel very mighty all of a sudden. The orc warrior hits you with a flail!
You die...

#...... #..... ##..>..## #
#..[....## # #........#
#########
#.....)..##########........
#..................######.
##...ยง#o##########....###.
##.#.#.o@..# #......... #
#.#####.# ###....#### #.
##.## #....### # ##.
##...###.#### #
#.##.....##.# #
#...........# ##
##.........#########.
#...................
##.......########.##


You could see an orc warrior and an orc priest.

Vanquished Creatures
  An orc priest (D:3)
  Ijyb (D:2)
  3 gnolls
  5 adders (D:2)
  An ooze (D:1)
  3 worms
  2 giant geckos
  An orc (D:3)
  4 ball pythons
  7 bats
  7 goblins
  6 hobgoblins
  12 kobolds
  3 giant cockroaches
  4 giant newts
  5 jackals
  A quokka (D:2)
  9 rats
75 creatures vanquished.

Vanquished Creatures (others)
  A ball python (D:2)
1 creature vanquished.

Grand Total: 76 creatures vanquished

Notes
Turn   | Place    | Note
--------------------------------------------------------------
     0 | D:1      | Glider the Hill Orc Gladiator began the quest for the Orb.
     0 | D:1      | Reached XP level 1. HP: 18/18 MP: 1/1
    96 | D:1      | Reached XP level 2. HP: 18/25 MP: 2/2
   232 | D:1      | Reached skill level 5 in Axes
   607 | D:1      | Reached XP level 3. HP: 28/30 MP: 3/3
   615 | D:1      | Found a sparkling altar of Nemelex Xobeh.
   951 | D:2      | Reached skill level 6 in Axes
  1021 | D:2      | Found a white marble altar of Elyvilon.
  1029 | D:2      | Became a worshipper of Elyvilon the Healer
  1039 | D:2      | Noticed Ijyb
  1045 | D:2      | Killed Ijyb
  1045 | D:2      | Reached XP level 4. HP: 34/37 MP: 4/4
  1230 | D:2      | Reached skill level 7 in Axes
  1246 | D:2      | Found a stormy altar of Qazlal.
  1257 | D:2      | Fell from the grace of Elyvilon
  1257 | D:2      | Became a worshipper of Qazlal Stormbringer
  1322 | D:2      | Reached XP level 5. HP: 38/42 MP: 5/5
  1377 | D:2      | Reached skill level 1 in Invocations
  1966 | D:3      | Reached * piety under Qazlal
  2262 | D:3      | Noticed an orc warrior
  2264 | D:3      | Reached skill level 8 in Axes
  2265 | D:3      | HP: 2/42 [orc warrior/flail (21)]
  2269 | D:3      | Demolished by an orc warrior

Action                   |  1- 3 |  4- 6 || total
-------------------------+-------+-------++-------
Melee: War axe           |    78 |   118 ||   196
  Use: Potion            |       |     1 ||     1
  Eat: Chunk             |       |     5 ||     5
